AA
LAWRENCE PATRIOTS @ MYRTLE BEACH SHOREBIRDS
06/01/2060
 
TOP OF THE 1ST
Lawrence Patriots batting - Pitching for Myrtle Beach Shorebirds : RHP Lamont Tobe
Pitching: RHP Lamont Tobe
Batting: LHB Johnny Nieves 0-0: Ball
1-0: Called Strike
1-1: SINGLE (Groundball, 4D, EV 104.4 MPH)
Batting: LHB Mort Simbolon 0-0: Called Strike
0-1: Swinging Strike
0-2: Ball
1-2: SINGLE (Groundball, 34D, EV 104.4 MPH)
Johnny Nieves to second
Runner from 2nd tries for 3rd, SAFE, throw by RF made to third
Batting: LHB Sherman Primes 0-0: Fly out, F7 (Flyball, 7LD, EV 91.9 MPH)
Runner from 3rd tags up, SCORES, no throw by LF
Batting: LHB Shan Waseem 0-0: Called Strike
0-1: Ball
1-1: Swinging Strike
1-2: Ball
2-2: Ball
3-2: SINGLE (Line Drive, 6MD, EV 95.6 MPH)
Mort Simbolon to second
Batting: LHB Kenny Jackson 0-0: Foul Ball, location: 2F
0-1: Swinging Strike
0-2: Ball
1-2: Foul Ball, location: 2F
1-2: Foul Ball, location: 2F
1-2: Ball
2-2: Foul Ball, location: 2F
2-2: Ball
3-2: Fly out, F7 (Flyball, 7D, EV 86.2 MPH)
Batting: SHB Porter Thompson 0-0: Ball
1-0: Ball
2-0: Ball
3-0: Base on Balls
Mort Simbolon to third
Shan Waseem to second
Batting: LHB Phillip Smith 0-0: Ground out 4-3 (Groundball, 4, EV 91.2 MPH)
Top of the 1st over - 1 run, 3 hits, 0 errors, 3 left on base; Lawrence 1 - Myrtle Beach 0
BOTTOM OF THE 1ST
Myrtle Beach Shorebirds batting - Pitching for Lawrence Patriots : RHP Troy Ivanichev
Pitching: RHP Troy Ivanichev
Batting: RHB Amani Hansen 0-0: Ball
1-0: Ball
2-0: Called Strike
2-1: Foul Ball, location: 2F
2-2: Strikes out swinging
Batting: RHB Casey Dodd 0-0: Called Strike
0-1: Ground out 6-3 (Groundball, 56, EV 85.0 MPH)
Batting: LHB Casey Courtney 0-0: Called Strike
0-1: Foul Ball, location: 2F
0-2: Ball
1-2: Ball
2-2: Strikes out swinging
Bottom of the 1st over - 0 runs, 0 hits, 0 errors, 0 left on base; Lawrence 1 - Myrtle Beach 0
TOP OF THE 2ND
Lawrence Patriots batting - Pitching for Myrtle Beach Shorebirds : RHP Lamont Tobe
Batting: RHB Obie Simbolon 0-0: Swinging Strike
0-1: Ball
1-1: Called Strike
1-2: Strikes out swinging
Batting: RHB Lloyd Fair 0-0: Ball
1-0: Ball
2-0: Ball
3-0: Called Strike
3-1: SINGLE (Groundball, 6D, EV 98.1 MPH)
Batting: LHB Johnny Nieves 0-0: Ball
1-0: Ball
2-0: Ball
3-0: Called Strike
3-1: Base on Balls
Lloyd Fair to second
Batting: LHB Mort Simbolon 0-0: Called Strike
0-1: Foul Ball, location: 2F
0-2: Ball
1-2: Fielders Choice at 2nd, 3-6 (Groundball, 3, EV 103.8 MPH)
Lloyd Fair to third
Batting: LHB Sherman Primes 0-0: Called Strike
0-1: Ball
1-1: Called Strike
1-2: Ball
2-2: DOUBLE (Flyball, 8LXD, EV 110.6 MPH)
Lloyd Fair scores
Mort Simbolon to third
Batting: LHB Shan Waseem 0-0: Foul Ball, location: 2F
0-1: Ball
1-1: Ball
2-1: Ball
3-1: Base on Balls
Batting: LHB Kenny Jackson 0-0: Ball
1-0: Ground out 1-3 (Groundball, 13, EV 71.9 MPH)
Top of the 2nd over - 1 run, 2 hits, 0 errors, 3 left on base; Lawrence 2 - Myrtle Beach 0
BOTTOM OF THE 2ND
Myrtle Beach Shorebirds batting - Pitching for Lawrence Patriots : RHP Troy Ivanichev
Batting: RHB Joey Wilburn 0-0: Swinging Strike
0-1: Swinging Strike
0-2: Strikes out swinging
Batting: RHB Trevor Tyus 0-0: Ball
1-0: Ball
2-0: Called Strike
2-1: Ball
3-1: Foul Ball, location: 2F
3-2: Foul Ball, location: 2F
3-2: Base on Balls
Batting: RHB Keyon Yamamoto 0-0: Ball
1-0: Ball
2-0: Grounds into double play, 6-4-3 (Groundball, 6, EV 81.9 MPH)
Bottom of the 2nd over - 0 runs, 0 hits, 0 errors, 0 left on base; Lawrence 2 - Myrtle Beach 0
TOP OF THE 3RD
Lawrence Patriots batting - Pitching for Myrtle Beach Shorebirds : RHP Lamont Tobe
Batting: SHB Porter Thompson 0-0: Called Strike
0-1: Called Strike
0-2: Ground out U3 (Groundball, 34, EV 96.2 MPH)
Batting: LHB Phillip Smith 0-0: TRIPLE (Flyball, 78XD, EV 96.2 MPH)
Batting: RHB Obie Simbolon 0-0: Ball
1-0: Ball
2-0: Called Strike
2-1: Swinging Strike
2-2: Strikes out swinging
Batting: RHB Lloyd Fair 0-0: Called Strike
0-1: Swinging Strike
0-2: Ball
1-2: Ball
2-2: Strikes out swinging
Top of the 3rd over - 0 runs, 1 hit, 0 errors, 1 left on base; Lawrence 2 - Myrtle Beach 0
BOTTOM OF THE 3RD
Myrtle Beach Shorebirds batting - Pitching for Lawrence Patriots : RHP Troy Ivanichev
Batting: RHB Brendon Slagle 0-0: Ball
1-0: Foul Ball, location: 2F
1-1: Foul Ball, location: 2F
1-2: Foul Ball, location: 2F
1-2: Strikes out swinging
Batting: RHB Blake Molsberry 0-0: Ball
1-0: Foul Ball, location: 2F
1-1: Foul Ball, location: 2F
1-2: Ball
2-2: Ball
3-2: Foul Ball, location: 2F
3-2: Base on Balls
Batting: SHB Evan Lind 0-0: Swinging Strike
0-1: Called Strike
0-2: Grounds into double play, 4-6-3 (Groundball, 4, EV 106.2 MPH)
Bottom of the 3rd over - 0 runs, 0 hits, 0 errors, 0 left on base; Lawrence 2 - Myrtle Beach 0
TOP OF THE 4TH
Lawrence Patriots batting - Pitching for Myrtle Beach Shorebirds : RHP Lamont Tobe
Batting: LHB Johnny Nieves 0-0: Called Strike
0-1: Called Strike
0-2: Strikes out swinging
Pitching: RHP Seneca Fisch
Batting: LHB Mort Simbolon 0-0: Ball
1-0: Ball
2-0: Called Strike
2-1: Swinging Strike
2-2: Foul Ball, location: 2F
2-2: Foul Ball, location: 2F
2-2: Strikes out looking
Batting: LHB Sherman Primes 0-0: Called Strike
0-1: Called Strike
0-2: Foul Ball, location: 2F
0-2: Strikes out swinging
Top of the 4th over - 0 runs, 0 hits, 0 errors, 0 left on base; Lawrence 2 - Myrtle Beach 0
BOTTOM OF THE 4TH
Myrtle Beach Shorebirds batting - Pitching for Lawrence Patriots : RHP Troy Ivanichev
Batting: RHB Amani Hansen 0-0: Foul Ball, location: 2F
0-1: Fly out, F9 (Line Drive, 9S, EV 90.6 MPH)
Batting: RHB Casey Dodd 0-0: Swinging Strike
0-1: Fly out, F9 (Line Drive, 89S, EV 88.1 MPH)
Batting: LHB Casey Courtney 0-0: Foul Ball, location: 2F
0-1: Ball
1-1: Ball
2-1: Swinging Strike
2-2: SINGLE (Flyball, 9LS, EV 91.9 MPH)
Batting: RHB Joey Wilburn 0-0: Called Strike
0-1: Ground out 5-3 (Groundball, 5S, EV 68.1 MPH)
Bottom of the 4th over - 0 runs, 1 hit, 0 errors, 1 left on base; Lawrence 2 - Myrtle Beach 0
TOP OF THE 5TH
Lawrence Patriots batting - Pitching for Myrtle Beach Shorebirds : RHP Seneca Fisch
Batting: LHB Shan Waseem 0-0: Ball
1-0: Called Strike
1-1: Swinging Strike
1-2: Ball
2-2: Fly out, F7 (Flyball, 7LM, EV 95.0 MPH)
Batting: LHB Kenny Jackson 0-0: Ball
1-0: Ball
2-0: Called Strike
2-1: Ball
3-1: Foul Ball, location: 2F
3-2: Strikes out swinging
Batting: SHB Porter Thompson 0-0: Ball
1-0: Foul Ball, location: 2F
1-1: Ball
2-1: Ball
3-1: Called Strike
3-2: Strikes out looking
Top of the 5th over - 0 runs, 0 hits, 0 errors, 0 left on base; Lawrence 2 - Myrtle Beach 0
BOTTOM OF THE 5TH
Myrtle Beach Shorebirds batting - Pitching for Lawrence Patriots : RHP Troy Ivanichev
Batting: RHB Trevor Tyus 0-0: Fly out, F8 (Flyball, 8RD, EV 105.6 MPH)
Batting: RHB Keyon Yamamoto 0-0: Called Strike
0-1: Ball
1-1: SINGLE (Groundball, 6S, EV 70.0 MPH) (infield hit)
Batting: RHB Brendon Slagle 0-0: Called Strike
0-1: Ball
1-1: Ball
2-1: Called Strike
2-2: Ball
Keyon Yamamoto steals 2nd base
3-2: Foul Ball, location: 2F
3-2: Foul Ball, location: 2F
3-2: Fly out, F9 (Flyball, 9LM, EV 77.5 MPH)
Batting: RHB Blake Molsberry 0-0: Called Strike
0-1: Ball
1-1: Ball
2-1: SINGLE (Flyball, 4MD, EV 89.4 MPH)
Keyon Yamamoto to third
Runner from 3rd tries for Home, throw by CF and OUT! 8-2
Bottom of the 5th over - 0 runs, 2 hits, 0 errors, 1 left on base; Lawrence 2 - Myrtle Beach 0
TOP OF THE 6TH
Lawrence Patriots batting - Pitching for Myrtle Beach Shorebirds : RHP Seneca Fisch
Batting: LHB Phillip Smith 0-0: Foul Ball, location: 2F
0-1: Fly out, F8 (Line Drive, 8RD, EV 90.0 MPH)
Batting: RHB Obie Simbolon 0-0: Hit by Pitch
Batting: RHB Lloyd Fair 0-0: Called Strike
0-1: Reached on error, E5 (Groundball, 56, EV 88.8 MPH)
Obie Simbolon to second
Batting: LHB Johnny Nieves 0-0: Called Strike
0-1: Fielders Choice at 2nd, 4-6 (Groundball, 4M, EV 79.4 MPH)
Obie Simbolon to third
Batting: LHB Mort Simbolon 0-0: Swinging Strike
0-1: Ball
1-1: 3-RUN HOME RUN (Flyball, 9LD, EV 93.8 MPH), Distance : 346 ft
Batting: LHB Sherman Primes 0-0: Ball
1-0: Swinging Strike
1-1: Swinging Strike
1-2: Ball
2-2: Strikes out swinging
Top of the 6th over - 3 runs, 1 hit, 1 error, 0 left on base; Lawrence 5 - Myrtle Beach 0
BOTTOM OF THE 6TH
Myrtle Beach Shorebirds batting - Pitching for Lawrence Patriots : RHP Troy Ivanichev
Batting: SHB Evan Lind 0-0: Swinging Strike
0-1: Ball
1-1: Ball
2-1: Reached on error, E4 (Groundball, 4, EV 81.9 MPH)
Batting: RHB Amani Hansen 0-0: Ball
1-0: Called Strike
1-1: Swinging Strike
1-2: Ball
2-2: Fly out, F7 (Flyball, 7, EV 84.4 MPH)
Batting: RHB Casey Dodd 0-0: Foul Ball, location: 2F
0-1: Ball
1-1: Swinging Strike
1-2: Strikes out swinging
Batting: LHB Casey Courtney 0-0: Ground out U3 (Groundball, 3L, EV 90.0 MPH)
Bottom of the 6th over - 0 runs, 0 hits, 1 error, 1 left on base; Lawrence 5 - Myrtle Beach 0
TOP OF THE 7TH
Lawrence Patriots batting - Pitching for Myrtle Beach Shorebirds : RHP Seneca Fisch
Batting: LHB Shan Waseem 0-0: Called Strike
0-1: Swinging Strike
0-2: Strikes out swinging
Batting: LHB Kenny Jackson 0-0: Ball
1-0: DOUBLE (Flyball, 78D, EV 103.1 MPH)
Batting: SHB Porter Thompson 0-0: Fly out, F9 (Line Drive, 9LS, EV 93.1 MPH)
Batting: LHB Phillip Smith 0-0: Foul Ball, location: 2F
0-1: Ball
1-1: 2-RUN HOME RUN (Flyball, 78XD, EV 105.0 MPH), Distance : 431 ft
Batting: RHB Obie Simbolon 0-0: Ball
1-0: Called Strike
1-1: Foul Ball, location: 2F
1-2: Ball
2-2: Strikes out swinging
Top of the 7th over - 2 runs, 2 hits, 0 errors, 0 left on base; Lawrence 7 - Myrtle Beach 0
BOTTOM OF THE 7TH
Myrtle Beach Shorebirds batting - Pitching for Lawrence Patriots : RHP Troy Ivanichev
Batting: RHB Joey Wilburn 0-0: Ball
1-0: SINGLE (Line Drive, 8RS, EV 99.4 MPH)
Batting: RHB Trevor Tyus 0-0: Called Strike
0-1: Ball
1-1: Ball
2-1: Ball
3-1: Grounds into double play, 4-6-3 (Groundball, 34, EV 81.9 MPH)
Pinch Hitting: RHB Braden Amick 0-0: Called Strike
0-1: Ball
1-1: Ball
2-1: Ground out 4-3 (Groundball, 4, EV 102.5 MPH)
Bottom of the 7th over - 0 runs, 1 hit, 0 errors, 0 left on base; Lawrence 7 - Myrtle Beach 0
TOP OF THE 8TH
Lawrence Patriots batting - Pitching for Myrtle Beach Shorebirds : RHP Seneca Fisch
Now in RF: Braden Amick
Batting: RHB Lloyd Fair 0-0: Ground out 1-3 (Groundball, 13S, EV 63.1 MPH)
Batting: LHB Johnny Nieves 0-0: Foul Ball, location: 2F
0-1: Ball
1-1: Ball
2-1: Ground out 4-3 (Groundball, 4, EV 81.9 MPH)
Batting: LHB Mort Simbolon 0-0: DOUBLE (Flyball, 89XD, EV 97.5 MPH)
Pitching: RHP Logan Dent
Pinch Hitting: LHB Trevon Morgan 0-0: Called Strike
0-1: Ball
1-1: Called Strike
1-2: Strikes out swinging
Top of the 8th over - 0 runs, 1 hit, 0 errors, 1 left on base; Lawrence 7 - Myrtle Beach 0
BOTTOM OF THE 8TH
Myrtle Beach Shorebirds batting - Pitching for Lawrence Patriots : RHP Troy Ivanichev
Now in LF: Obie Simbolon
Now in RF: Jansen Stites
Batting: RHB Brendon Slagle 0-0: Ball
1-0: SOLO HOME RUN (Flyball, 7D, EV 109.4 MPH), Distance : 406 ft
Batting: RHB Blake Molsberry 0-0: Called Strike
0-1: Swinging Strike
0-2: Hit by Pitch
Batting: SHB Evan Lind 0-0: Called Strike
0-1: SINGLE (Line Drive, 4M, EV 97.5 MPH)
Blake Molsberry to second
Batting: RHB Amani Hansen 0-0: Called Strike
0-1: Ball
1-1: Ground out 5-3 (Groundball, 56S, EV 68.1 MPH)
Blake Molsberry to third
Evan Lind to second
Batting: RHB Casey Dodd 0-0: Swinging Strike
0-1: Fly out, F9 (Line Drive, 89M, EV 106.9 MPH)
Runner from 3rd tags up, SCORES, throw by RF
Batting: LHB Casey Courtney 0-0: Ball
1-0: SINGLE (Flyball, 5D, EV 85.0 MPH)
Evan Lind to third
Runner from 3rd tries for Home, SAFE, throw by LF to home
Pitching: RHP Travis Yancey
Batting: RHB Joey Wilburn 0-0: Called Strike
0-1: Swinging Strike
0-2: Ball
1-2: SINGLE (Groundball, 6MD, EV 100.0 MPH)
Casey Courtney to second
Batting: RHB Trevor Tyus 0-0: Ball
1-0: Ball
2-0: Foul Ball, location: 2F
2-1: Foul Ball, location: 2F
2-2: Ball
3-2: Foul Ball, location: 2F
3-2: Base on Balls
Casey Courtney to third
Joey Wilburn to second
Batting: RHB Braden Amick 0-0: Ball
1-0: Ball
2-0: Foul Ball, location: 2F
2-1: Called Strike
2-2: Strikes out swinging
Bottom of the 8th over - 3 runs, 4 hits, 0 errors, 3 left on base; Lawrence 7 - Myrtle Beach 3
TOP OF THE 9TH
Lawrence Patriots batting - Pitching for Myrtle Beach Shorebirds : RHP Logan Dent
Batting: LHB Shan Waseem 0-0: Called Strike
0-1: Ball
1-1: Swinging Strike
1-2: Foul Ball, location: 2F
1-2: Foul Ball, location: 2F
1-2: Ball
2-2: Foul Ball, location: 2F
2-2: Ground out 4-3 (Groundball, 4, EV 99.4 MPH)
Batting: LHB Kenny Jackson 0-0: DOUBLE (Line Drive, 3D, EV 104.4 MPH)
Batting: SHB Porter Thompson 0-0: Ball
1-0: Ball
2-0: Foul Ball, location: 2F
2-1: Ball
3-1: Foul Ball, location: 2F
3-2: SINGLE (Groundball, 6MD, EV 105.6 MPH)
Kenny Jackson to third
Batting: LHB Phillip Smith 0-0: Called Strike
0-1: Ball
1-1: Foul Ball, location: 2F
1-2: Strikes out looking
Batting: RHB Obie Simbolon 0-0: Ball
1-0: Ball
2-0: Called Strike
2-1: Ball
3-1: Base on Balls
Porter Thompson to second
Batting: RHB Lloyd Fair 0-0: Ball
1-0: Ball
2-0: Ball
3-0: Called Strike
3-1: Base on Balls
Kenny Jackson scores
Porter Thompson to third
Obie Simbolon to second
Batting: LHB Johnny Nieves 0-0: Called Strike
0-1: Ball
1-1: Swinging Strike
1-2: Ball
2-2: Strikes out swinging
Top of the 9th over - 1 run, 2 hits, 0 errors, 3 left on base; Lawrence 8 - Myrtle Beach 3
BOTTOM OF THE 9TH
Myrtle Beach Shorebirds batting - Pitching for Lawrence Patriots : RHP Travis Yancey
Batting: RHB Brendon Slagle 0-0: Ball
1-0: Ball
2-0: Foul Ball, location: 2F
2-1: Foul Ball, location: 2F
2-2: Ball
3-2: Fly out, F7 (Flyball, 7LS, EV 78.8 MPH)
Batting: RHB Blake Molsberry 0-0: Ball
1-0: Swinging Strike
1-1: SINGLE (Line Drive, 34D, EV 101.9 MPH)
Batting: SHB Evan Lind 0-0: Ball
1-0: Swinging Strike
1-1: Foul Ball, location: 2F
1-2: Ball
2-2: Strikes out looking
Batting: RHB Amani Hansen 0-0: Swinging Strike
0-1: SINGLE (Groundball, 56D, EV 101.2 MPH)
Blake Molsberry to second
Batting: RHB Casey Dodd 0-0: SINGLE (Flyball, 56D, EV 83.8 MPH)
Blake Molsberry to third
Amani Hansen to second
Pitching: LHP Kolby Wells
Batting: LHB Casey Courtney 0-0: Called Strike
0-1: Ball
1-1: Called Strike
1-2: Strikes out swinging
Bottom of the 9th over - 0 runs, 3 hits, 0 errors, 3 left on base; Lawrence 8 - Myrtle Beach 3
Sunday, May 5th , 2024 - OOTP Baseball 23.10 Build 110